Canadiens vs Maple Leafs (R2)

Created - May 21, 2020 at 19:14

Goals
1 2 3 T
Canadiens 1 0 0 1
Maple Leafs 1 2 3 6
Shots
1 2 3 T
Canadiens 16 1 12 29
Maple Leafs 10 9 13 32

1st period

1. Canadiens , David Pastrnak 1 (Greg Stewart 4, Vitaly Vishnevsky 2) at 7:33 (PP)
2. Maple Leafs , Jordan Staal 4 (Kevin Shattenkirk 6, Patrick Kane 5) at 12:08

Penalties :
Braydon Coburn (Tor) for Hooking (Minor) at 1:53, Eric Nystrom (Tor) for Hooking (Minor) at 7:22, Braydon Coburn (Tor) for Goalie Interference (Minor) at 7:55, Benoit Pouliot (Mon) for Slashing (Minor) at 13:07

2nd period

3. Maple Leafs , Brayden Schenn 3 (Braydon Coburn 2, Kevin Shattenkirk 7) at 8:27 (SH)
4. Maple Leafs , Ben Smith 1 (Taylor Hall 6) at 13:34

Penalties :
Kyle Clifford (Tor) for Roughing (Minor) at 0:12, Jordan Staal (Tor) for Hooking (Minor) at 0:56, Ben Smith (Tor) for Charging (Double Minor) at 6:22, Henrik Sedin (Mon) for Attempt to injure (Major / Game Misconduct) at 14:38

3rd period

5. Maple Leafs , Kevin Shattenkirk 2 (Ben Smith 3, Kyle Clifford 1) at 5:21 (PP)
6. Maple Leafs , Ben Smith 2 (Ryan Parent 2, Brayden Schenn 1) at 7:40
7. Maple Leafs , Patrick Kane 5 (Kevin Shattenkirk 8, Taylor Hall 7) at 15:49

Penalties :
David Pastrnak (Mon) for Interference (Minor) at 5:03, Taylor Hall (Tor) for Roughing (Minor) at 11:28

Goalie Stats

Henrik Lundqvist (Mon), 26 saves from 32 shots - (0.813), L, 2-4-0, 60:00 minutes
Marc-André Fleury (Tor), 28 saves from 29 shots - (0.966), W, 4-2-0, 60:00 minutes

Players Stats for Canadiens

Player Name              G  A  P  +/- PIM S  H  SB GA TA FO     MP     PP MP  PK MP  
------------------------------------------------------------------------------------
Benoit Pouliot           0  0  0  -3  2   4  1  0  0  0  0/0    23:16   7:30   1:40 
Brett Maclean            0  0  0  -1  0   0  2  0  1  0  0/0     9:39   0:00   0:20 
Bryce Lampman            0  0  0  -1  0   1  1  1  0  0  0/0    28:57   7:41   3:52 
Colton Parayko           0  0  0  -3  0   1  2  1  1  0  0/0    21:02   5:12   3:15 
Corey Perry              0  0  0  -3  0   4  2  2  1  0  2/3    20:45   7:30   0:00 
David Pastrnak           1  0  1  -1  2   2  0  0  2  0  0/0    16:54   5:10   0:00 
Dustin Boyd              0  0  0  -1  0   1  0  0  0  2  7/13   14:40   1:23   2:34 
Enver Lisin              0  0  0   0  0   0  0  0  0  0  0/0     5:39   0:10   0:00 
Frans Nielsen            0  0  0  -1  0   1  1  0  0  1  10/25  20:46   5:21   3:18 
Greg Stewart             0  1  1  -1  0   2  4  1  0  1  0/1    18:54   5:20   1:59 
Henrik Sedin             0  0  0  -2  15  1  1  1  0  0  6/14   13:18   6:06   0:20 
Mark Stuart              0  0  0   0  0   3  1  2  0  1  0/0    19:46   0:00   3:52 
Pierre-Marc Bouchard     0  0  0  -1  0   1  2  0  0  0  3/3    10:33   0:00   1:04 
Raphael Diaz             0  0  0  -3  0   4  0  2  0  3  0/0    22:24   7:38   0:00 
Shaone Morrisonn         0  0  0  -1  0   1  1  0  0  0  0/0    12:10   0:00   2:40 
Steve Downie             0  0  0  -1  0   0  2  0  0  0  0/0    13:18   0:00   3:17 
Viktor Stalberg          0  0  0   0  0   2  0  0  1  0  0/0     5:27   0:00   0:00 
Vitaly Vishnevsky        0  1  1  -2  0   1  0  1  1  0  0/0    15:13   5:09   0:53 

Players Stats for Maple Leafs

Player Name              G  A  P  +/- PIM S  H  SB GA TA FO     MP     PP MP  PK MP  
------------------------------------------------------------------------------------
Beau Bennett             0  0  0   0  0   0  1  0  0  0  0/1     8:09   0:00   0:00 
Ben Smith                2  1  3   2  4   2  1  0  1  0  0/0    12:52   2:53   0:00 
Blake Comeau             0  0  0   1  0   2  3  0  0  0  1/1    12:59   1:02   2:42 
Brayden Schenn           1  1  2   3  0   3  2  0  0  0  3/9    17:00   2:53   4:07 
Braydon Coburn           0  1  1   3  4   1  2  1  0  1  0/0    24:49   2:54   4:35 
Eric Nystrom             0  0  0   0  2   3  1  0  0  1  0/0     9:47   1:11   0:24 
Hampus Lindholm          0  0  0   1  0   0  0  0  0  0  0/0    14:12   3:42   0:07 
Jake Guentzel            0  0  0   0  0   3  1  0  1  0  0/0     8:01   0:00   0:00 
John Klingberg           0  0  0   1  0   0  2  0  0  1  0/0    20:32   2:54   5:45 
Jordan Staal             1  0  1   2  2   2  1  0  0  1  13/23  19:15   3:21   3:15 
Kevin Shattenkirk        1  3  4   3  0   5  1  4  0  0  0/0    29:48   3:42   7:05 
Kyle Clifford            0  1  1   1  2   2  1  1  0  0  0/0    16:56   2:44   1:15 
Marc-Édouard Vlasic      0  0  0   1  0   2  2  0  1  0  0/0    12:26   0:40   2:23 
Mika Zibanejad           0  0  0   0  0   1  2  0  0  1  6/8     8:46   1:02   0:00 
Nate Thompson            0  0  0   0  0   1  0  0  0  0  2/4     8:01   0:00   0:00 
Patrick Kane             1  1  2   2  0   3  1  0  3  1  6/13   24:25   3:21   7:15 
Ryan Parent              0  1  1   1  0   1  1  1  0  1  0/0    18:18   0:40   5:45 
Taylor Hall              0  2  2   3  2   1  1  0  2  0  0/0    19:32   3:21   5:26 

3 Stars

1 - Kevin Shattenkirk (Tor)
2 - Brayden Schenn (Tor)
3 - Ben Smith (Tor)

Power Play

Canadiens - 1 on 8 Attempt(s) - 12.50%
Maple Leafs - 1 on 3 Attempt(s) - 33.33%

Penalty Kill

Canadiens - 2 on 3 Attempt(s) - 66.67% - Score 0 goal in Penalty Kill
Maple Leafs - 7 on 8 Attempt(s) - 87.50% - Score 1 goal in Penalty Kill

Team Stat

Canadiens - Hits : 20 - Faceoff Wins : 28 - Blocked Shots : 11 - Penalty Minutes : 19
Maple Leafs - Hits : 23 - Faceoff Wins : 31 - Blocked Shots : 7 - Penalty Minutes : 16

Official

Referees : Unknown
Linesman : Unknown

Game Notes

Henrik Sedin ejected from game at 14:38 of 2nd period

Finance

Level 1 -- Attendance: 6000 (100.00%) -- Ticket Income $660,000
Level 2 -- Attendance: 4735 (94.70%) -- Ticket Income $331,450
Level 3 -- Attendance: 1929 (96.45%) -- Ticket Income $88,734
Level 4 -- Attendance: 3708 (92.70%) -- Ticket Income $111,240
Luxury Box -- Attendance: 1000 (100.00%) -- Ticket Income $180,000
Game was played at the Maple Leafs Garden.
Total Attendance: 17372 (96.51%)
Total Ticket Income: $1,371,424
Other Income: $205,714
Total Income: $1,577,138

Canadiens

5 vs 5 Forward 
   Center                   Left Wing                Right Wing               Time % Phy DF OF 
 1 Henrik Sedin             Benoit Pouliot           Corey Perry              40     0   1  4  
 2 Frans Nielsen            Greg Stewart             David Pastrnak           35     0   1  4  
 3 Pierre-Marc Bouchard     Brett Maclean            Steve Downie             20     0   2  3  
 4 Dustin Boyd              Viktor Stalberg          Enver Lisin              5      1   2  2  

5 vs 5 Defense 
   Defense                  Defense                                           Time % Phy DF OF 
 1 Bryce Lampman            Mark Stuart                                       43     1   3  1  
 2 Raphael Diaz             Colton Parayko                                    32     1   3  1  
 3 Vitaly Vishnevsky        Shaone Morrisonn                                  15     1   3  1  
 4 Colton Parayko           Raphael Diaz                                      10     1   2  2  

PowerPlay Forward 
   Center                   Left Wing                Right Wing               Time % Phy DF OF 
 1 Henrik Sedin             Benoit Pouliot           Corey Perry              60     0   0  5  
 2 Frans Nielsen            Greg Stewart             David Pastrnak           40     0   0  5  

PowerPlay Defense
   Defense                  Defense                                           Time % Phy DF OF 
 1 Bryce Lampman            Raphael Diaz                                      60     0   1  4  
 2 Vitaly Vishnevsky        Colton Parayko                                    40     0   1  4  

Penalty Kill 4 Players Forward 
   Center                   Wing                     Time % Phy DF OF 
 1 Frans Nielsen            Steve Downie             60     1   4  0  
 2 Dustin Boyd              Greg Stewart             40     1   4  0  

Penalty Kill 4 Players Defense
   Defense                  Defense                  Time % Phy DF OF 
 1 Bryce Lampman            Mark Stuart              60     1   4  0  
 2 Shaone Morrisonn         Colton Parayko           40     1   4  0  

Penalty Kill - 3 Players Forward 
   Forward                                           Time % Phy DF OF 
 1 Frans Nielsen                                     50     0   5  0  
 2 Dustin Boyd                                       50     0   5  0  

Penalty Kill - 3 Players Defense
   Defense                  Defense                  Time % Phy DF OF 
 1 Mark Stuart              Shaone Morrisonn         50     1   4  0  
 2 Bryce Lampman            Colton Parayko           50     1   4  0  

4 vs 4 Forward 
   Center                   Wing                     Time % Phy DF OF 
 1 Benoit Pouliot           Henrik Sedin             60     0   2  3  
 2 Corey Perry              Frans Nielsen            40     0   2  3  

4 vs 4 Defense
   Defense                  Defense                  Time % Phy DF OF 
 1 Bryce Lampman            Raphael Diaz             60     0   2  3  
 2 Vitaly Vishnevsky        Mark Stuart              40     0   2  3  

Last Minutes Offensive
   Center                   Left Wing                Right Wing               Defense                  Defense                  
   Henrik Sedin             Benoit Pouliot           Corey Perry              Bryce Lampman            Raphael Diaz             

Last Minutes Defensive
   Center                   Left Wing                Right Wing               Defense                  Defense                  
   Frans Nielsen            Greg Stewart             Steve Downie             Bryce Lampman            Mark Stuart              

Goaltenders
Starting : Henrik Lundqvist         
Backup : Allen York               

Extra Forwards
Normal : Henrik Sedin, Benoit Pouliot, Corey Perry - PP : Henrik Sedin, Benoit Pouliot - PK : Frans Nielsen
Extra Defensemen
Normal : Colton Parayko, Raphael Diaz, Mark Stuart - PP : Bryce Lampman - PK : Mark Stuart, Bryce Lampman
Penalty Shots
Benoit Pouliot, Henrik Sedin, Corey Perry, Frans Nielsen, Greg Stewart

Scratches
Nikolai Zherdev (Healthy)

Maple Leafs

5 vs 5 Forward 
   Center                   Left Wing                Right Wing               Time % Phy DF OF 
 1 Jordan Staal             Kyle Clifford            Patrick Kane             40     1   2  2  
 2 Brayden Schenn           Taylor Hall              Ben Smith                30     1   2  2  
 3 Mika Zibanejad           Eric Nystrom             Blake Comeau             20     1   2  2  
 4 Nate Thompson            Jake Guentzel            Beau Bennett             10     1   2  2  

5 vs 5 Defense 
   Defense                  Defense                                           Time % Phy DF OF 
 1 Kevin Shattenkirk        Braydon Coburn                                    40     1   2  2  
 2 John Klingberg           Ryan Parent                                       30     1   2  2  
 3 Hampus Lindholm          Marc-Édouard Vlasic                               20     1   2  2  
 4 Kevin Shattenkirk        Braydon Coburn                                    10     1   2  2  

PowerPlay Forward 
   Center                   Left Wing                Right Wing               Time % Phy DF OF 
 1 Jordan Staal             Taylor Hall              Patrick Kane             60     1   2  2  
 2 Brayden Schenn           Kyle Clifford            Ben Smith                40     1   2  2  

PowerPlay Defense
   Defense                  Defense                                           Time % Phy DF OF 
 1 Kevin Shattenkirk        Hampus Lindholm                                   60     1   2  2  
 2 John Klingberg           Braydon Coburn                                    40     1   2  2  

Penalty Kill 4 Players Forward 
   Center                   Wing                     Time % Phy DF OF 
 1 Patrick Kane             Taylor Hall              60     1   2  2  
 2 Jordan Staal             Brayden Schenn           40     1   2  2  

Penalty Kill 4 Players Defense
   Defense                  Defense                  Time % Phy DF OF 
 1 Kevin Shattenkirk        Braydon Coburn           60     1   2  2  
 2 John Klingberg           Ryan Parent              40     1   2  2  

Penalty Kill - 3 Players Forward 
   Forward                                           Time % Phy DF OF 
 1 Patrick Kane                                      60     1   2  2  
 2 Taylor Hall                                       40     1   2  2  

Penalty Kill - 3 Players Defense
   Defense                  Defense                  Time % Phy DF OF 
 1 Kevin Shattenkirk        Braydon Coburn           60     1   2  2  
 2 John Klingberg           Ryan Parent              40     1   2  2  

4 vs 4 Forward 
   Center                   Wing                     Time % Phy DF OF 
 1 Patrick Kane             Taylor Hall              60     1   2  2  
 2 Jordan Staal             Brayden Schenn           40     1   2  2  

4 vs 4 Defense
   Defense                  Defense                  Time % Phy DF OF 
 1 Kevin Shattenkirk        Braydon Coburn           60     1   2  2  
 2 John Klingberg           Ryan Parent              40     1   2  2  

Last Minutes Offensive
   Center                   Left Wing                Right Wing               Defense                  Defense                  
   Jordan Staal             Taylor Hall              Patrick Kane             Kevin Shattenkirk        Braydon Coburn           

Last Minutes Defensive
   Center                   Left Wing                Right Wing               Defense                  Defense                  
   Jordan Staal             Taylor Hall              Patrick Kane             Kevin Shattenkirk        Braydon Coburn           

Goaltenders
Starting : Marc-André Fleury        
Backup : Tyler Weiman             

Extra Forwards
Normal : Eric Nystrom, Mika Zibanejad, Blake Comeau - PP : Eric Nystrom, Mika Zibanejad - PK : Blake Comeau
Extra Defensemen
Normal : Hampus Lindholm, Marc-Édouard Vlasic, John Klingberg - PP : Hampus Lindholm - PK : Marc-Édouard Vlasic, John Klingberg
Penalty Shots
Patrick Kane, Taylor Hall, Jordan Staal, Brayden Schenn, Kyle Clifford

Scratches
Calvin de Haan (Healthy)

% Time on Ice - Canadiens

Lines # - Real PCT - Wanted PCT - Time Play
Normal Forward
1 - 38% - 40% - 15:17
2 - 27% - 35% - 10:46
3 - 22% - 20% - 8:57
4 - 12% - 5% - 4:54
Normal Defense
1 - 47% - 43% - 18:34
2 - 28% - 32% - 11:08
3 - 26% - 15% - 10:12
4 - 0% - 10% - 0:00
PP Forward
1 - 59% - 60% - 7:37
2 - 41% - 40% - 5:13
PP Defense
1 - 60% - 60% - 7:41
2 - 40% - 40% - 5:09
PK Forward
1 - 82% - 60% - 5:58
2 - 18% - 40% - 1:18
PK Defense
1 - 56% - 60% - 4:03
2 - 44% - 40% - 3:13
PK3 Forward
1 - 0% - 50%
2 - 0% - 50%
PK3 Defense
1 - 0% - 50%
2 - 0% - 50%
44 Forward
1 - 0% - 60%
2 - 0% - 40%
44 Defense
1 - 0% - 60%
2 - 0% - 40%
Last Minute Offensive  - 0:00
Last Minute Defensive  - 0:00
Total
Forward - 60:00
Defense - 60:00

% Time on Ice - Maple Leafs

Lines # - Real PCT - Wanted PCT - Time Play
Normal Forward
1 - 37% - 40% - 14:57
2 - 25% - 30% - 9:57
3 - 18% - 20% - 6:59
4 - 20% - 10% - 8:01
Normal Defense
1 - 46% - 40% - 18:18
2 - 30% - 30% - 11:53
3 - 23% - 20% - 9:00
4 - 2% - 10% - 0:43
PP Forward
1 - 60% - 60% - 4:23
2 - 40% - 40% - 2:53
PP Defense
1 - 60% - 60% - 4:22
2 - 40% - 40% - 2:54
PK Forward
1 - 68% - 60% - 7:54
2 - 32% - 40% - 3:41
PK Defense
1 - 55% - 60% - 6:24
2 - 45% - 40% - 5:11
PK3 Forward
1 - 65% - 60% - 0:49
2 - 35% - 40% - 0:26
PK3 Defense
1 - 55% - 60% - 0:41
2 - 45% - 40% - 0:34
44 Forward
1 - 0% - 60%
2 - 0% - 40%
44 Defense
1 - 0% - 60%
2 - 0% - 40%
Last Minute Offensive  - 0:00
Last Minute Defensive  - 0:00
Total
Forward - 60:00
Defense - 60:00

Play-by-Play

1st period


0:01 of 1st period - Henrik Sedin wins face-off versus Jordan Staal in neutral zone.
0:09 of 1st period - Slapshot by Corey Perry.
0:09 of 1st period - Stopped by Marc-André Fleury with a rebound.
0:11 of 1st period - Slapshot by Mark Stuart.
0:11 of 1st period - Shot Misses the Net.
0:13 of 1st period - Slapshot by Mark Stuart.
0:13 of 1st period - Stopped by Marc-André Fleury with a rebound.
0:15 of 1st period - Snap shot by Mark Stuart.
0:15 of 1st period - Stopped by Marc-André Fleury without a rebound.
0:16 of 1st period - Frans Nielsen wins face-off versus Brayden Schenn in Maple Leafs zone.
0:43 of 1st period - Colton Parayko is hit by Blake Comeau.
1:29 of 1st period - Snap shot by Corey Perry.
1:29 of 1st period - Deflect By Viktor Stalberg.
1:29 of 1st period - Shot Blocked by Kevin Shattenkirk.
1:29 of 1st period - Puck is out of play.
1:30 of 1st period - Dustin Boyd wins face-off versus Nate Thompson in Maple Leafs zone.
1:35 of 1st period - Snap shot by Dustin Boyd.
1:35 of 1st period - Shot Misses the Net.
1:53 of 1st period - Minor Penalty to Braydon Coburn for Hooking.
1:54 of 1st period - Patrick Kane wins face-off versus Henrik Sedin in Maple Leafs zone.
2:21 of 1st period - Bryce Lampman is hit by Brayden Schenn.
2:45 of 1st period - Snap shot by Benoit Pouliot.
2:45 of 1st period - Stopped by Marc-André Fleury without a rebound.
2:46 of 1st period - Frans Nielsen wins face-off versus Patrick Kane in Maple Leafs zone.
2:53 of 1st period - Snap shot by David Pastrnak.
2:53 of 1st period - Stopped by Marc-André Fleury with a rebound.
3:53 of 1st period - Penalty to Braydon Coburn is over, Braydon Coburn is back on ice.
3:58 of 1st period - Slapshot by Kevin Shattenkirk.
3:58 of 1st period - Shot Blocked by Bryce Lampman.
4:00 of 1st period - Snap shot by Eric Nystrom.
4:00 of 1st period - Stopped by Henrik Lundqvist with a rebound.
4:02 of 1st period - Slapshot by Kevin Shattenkirk.
4:02 of 1st period - Shot Misses the Net.
4:04 of 1st period - Slapshot by Eric Nystrom.
4:04 of 1st period - Shot Misses the Net.
4:06 of 1st period - Snap shot by Eric Nystrom.
4:06 of 1st period - Stopped by Henrik Lundqvist with a rebound.
4:12 of 1st period - Slapshot by Kevin Shattenkirk.
4:12 of 1st period - Stopped by Henrik Lundqvist with a rebound.
4:24 of 1st period - Slapshot by Bryce Lampman.
4:24 of 1st period - Deflect By Viktor Stalberg.
4:24 of 1st period - Stopped by Marc-André Fleury with a rebound.
4:32 of 1st period - Enver Lisin is hit by Ryan Parent.
5:33 of 1st period - Greg Stewart is hit by Jake Guentzel and loses puck.
5:42 of 1st period - Nate Thompson is hit by Greg Stewart.
6:02 of 1st period - Brayden Schenn is hit by Mark Stuart and loses puck.
6:13 of 1st period - Snap shot by Patrick Kane.
6:13 of 1st period - Stopped by Henrik Lundqvist with a rebound.
6:35 of 1st period - Icing by Corey Perry.
6:36 of 1st period - Mika Zibanejad wins face-off versus Henrik Sedin in Canadiens zone.
6:37 of 1st period - Slapshot by Kevin Shattenkirk.
6:37 of 1st period - Stopped by Henrik Lundqvist with a rebound.
7:07 of 1st period - Snap shot by Kyle Clifford.
7:07 of 1st period - Stopped by Henrik Lundqvist with a rebound.
7:09 of 1st period - Slapshot by Braydon Coburn.
7:09 of 1st period - Shot Misses the Net.
7:22 of 1st period - Minor Penalty to Eric Nystrom for Hooking.
7:23 of 1st period - Patrick Kane wins face-off versus Frans Nielsen in Maple Leafs zone.
7:33 of 1st period - Snap shot by David Pastrnak.
7:33 of 1st period - Goal by David Pastrnak - Canadiens : 1 - Maple Leafs : 0.
7:34 of 1st period - Frans Nielsen wins face-off versus Jordan Staal in neutral zone.
7:55 of 1st period - Minor Penalty to Braydon Coburn for Goalie Interference.
7:56 of 1st period - Patrick Kane wins face-off versus Henrik Sedin in Maple Leafs zone.
9:55 of 1st period - Penalty to Braydon Coburn is over, Braydon Coburn is back on ice.
10:15 of 1st period - Slapshot by Kevin Shattenkirk.
10:15 of 1st period - Shot Misses the Net.
10:25 of 1st period - Slapshot by Vitaly Vishnevsky.
10:25 of 1st period - Shot Misses the Net.
10:27 of 1st period - Slapshot by Shaone Morrisonn.
10:27 of 1st period - Shot Misses the Net.
10:29 of 1st period - Slapshot by Vitaly Vishnevsky.
10:29 of 1st period - Shot Misses the Net.
10:31 of 1st period - Slapshot by Shaone Morrisonn.
10:31 of 1st period - Stopped by Marc-André Fleury with a rebound.
10:33 of 1st period - Snap shot by Vitaly Vishnevsky.
10:33 of 1st period - Stopped by Marc-André Fleury without a rebound.
10:34 of 1st period - Brayden Schenn wins face-off versus Frans Nielsen in Maple Leafs zone.
10:49 of 1st period - Slapshot by Taylor Hall.
10:49 of 1st period - Deflect By David Pastrnak.
10:49 of 1st period - Stopped by Henrik Lundqvist with a rebound.
11:01 of 1st period - Jordan Staal is hit by Pierre-Marc Bouchard and loses puck.
11:22 of 1st period - Snap shot by Corey Perry.
11:22 of 1st period - Stopped by Marc-André Fleury with a rebound.
11:38 of 1st period - Wrist shot by Viktor Stalberg.
11:38 of 1st period - Stopped by Marc-André Fleury without a rebound.
11:39 of 1st period - Nate Thompson wins face-off versus Frans Nielsen in Maple Leafs zone.
11:50 of 1st period - Snap shot by Nate Thompson.
11:50 of 1st period - Stopped by Henrik Lundqvist without a rebound.
11:51 of 1st period - Henrik Sedin wins face-off versus Jordan Staal in Canadiens zone.
11:51 of 1st period - Henrik Sedin is hit by Braydon Coburn.
11:59 of 1st period - Patrick Kane is hit by Henrik Sedin and loses puck.
12:06 of 1st period - Slapshot by Kevin Shattenkirk.
12:06 of 1st period - Shot Blocked by Corey Perry.
12:08 of 1st period - Wrist shot by Jordan Staal.
12:08 of 1st period - Goal by Jordan Staal - Canadiens : 1 - Maple Leafs : 1.
12:09 of 1st period - Frans Nielsen wins face-off versus Jordan Staal in neutral zone.
12:36 of 1st period - Snap shot by Taylor Hall.
12:36 of 1st period - Shot Misses the Net.
12:38 of 1st period - Slapshot by Brayden Schenn.
12:38 of 1st period - Stopped by Henrik Lundqvist without a rebound.
12:39 of 1st period - Pierre-Marc Bouchard wins face-off versus Brayden Schenn in Canadiens zone.
12:43 of 1st period - Off-side.
12:44 of 1st period - Jordan Staal wins face-off versus Corey Perry in neutral zone.
13:07 of 1st period - Minor Penalty to Benoit Pouliot for Slashing.
13:08 of 1st period - Jordan Staal wins face-off versus Frans Nielsen in Canadiens zone.
15:07 of 1st period - Penalty to Benoit Pouliot is over, Benoit Pouliot is back on ice.
15:27 of 1st period - Steve Downie is hit by Blake Comeau.
15:50 of 1st period - Slapshot by Jake Guentzel.
15:50 of 1st period - Shot Blocked by Raphael Diaz.
15:57 of 1st period - Off-side.
15:58 of 1st period - Dustin Boyd wins face-off versus Mika Zibanejad in neutral zone.
16:03 of 1st period - Slapshot by Vitaly Vishnevsky.
16:03 of 1st period - Shot Misses the Net.
16:36 of 1st period - Wrist shot by Henrik Sedin.
16:36 of 1st period - Stopped by Marc-André Fleury without a rebound.
16:37 of 1st period - Jordan Staal wins face-off versus Henrik Sedin in Maple Leafs zone.
16:51 of 1st period - Off-side.
16:52 of 1st period - Henrik Sedin wins face-off versus Brayden Schenn in neutral zone.
17:09 of 1st period - Mark Stuart is hit by Taylor Hall and loses puck.
17:26 of 1st period - Hampus Lindholm is hit by Colton Parayko and loses puck.
18:02 of 1st period - Icing by Greg Stewart.
18:03 of 1st period - Mika Zibanejad wins face-off versus Frans Nielsen in Canadiens zone.
18:36 of 1st period - Snap shot by Benoit Pouliot.
18:36 of 1st period - Shot Misses the Net.
18:38 of 1st period - Wrist shot by Raphael Diaz.
18:38 of 1st period - Stopped by Marc-André Fleury with a rebound.
18:40 of 1st period - Snap shot by Henrik Sedin.
18:40 of 1st period - Shot Misses the Net.
18:42 of 1st period - Wrist shot by Raphael Diaz.
18:42 of 1st period - Deflect By Patrick Kane.
18:42 of 1st period - Stopped by Marc-André Fleury without a rebound.
18:43 of 1st period - Pierre-Marc Bouchard wins face-off versus Jordan Staal in Maple Leafs zone.
18:48 of 1st period - Wrist shot by Pierre-Marc Bouchard.
18:48 of 1st period - Stopped by Marc-André Fleury with a rebound.
19:17 of 1st period - Slapshot by Corey Perry.
19:17 of 1st period - Stopped by Marc-André Fleury with a rebound.
Goals for this period are 1 for Canadiens vs 1 for Maple Leafs.
Shots for this period are 16 for Canadiens vs 10 for Maple Leafs.

2nd period


0:01 of 2nd period - Jordan Staal wins face-off versus Frans Nielsen in neutral zone.
0:11 of 2nd period - Off-side.
0:12 of 2nd period - Jordan Staal wins face-off versus Frans Nielsen in neutral zone.
0:12 of 2nd period - Minor Penalty to Kyle Clifford for Roughing.
0:13 of 2nd period - Patrick Kane wins face-off versus Henrik Sedin in Maple Leafs zone.
0:56 of 2nd period - Minor Penalty to Jordan Staal for Hooking.
0:57 of 2nd period - Henrik Sedin wins face-off versus Patrick Kane in Maple Leafs zone.
1:30 of 2nd period - Slapshot by Greg Stewart.
1:30 of 2nd period - Deflect By Frans Nielsen.
1:30 of 2nd period - Shot Blocked by Ryan Parent.
1:30 of 2nd period - Puck is out of play.
1:31 of 2nd period - Patrick Kane wins face-off versus Henrik Sedin in Maple Leafs zone.
1:58 of 2nd period - Taylor Hall is hit by Greg Stewart and loses puck.
2:05 of 2nd period - Snap shot by David Pastrnak.
2:05 of 2nd period - Shot Misses the Net.
2:07 of 2nd period - Snap shot by Greg Stewart.
2:07 of 2nd period - Shot Blocked by Kevin Shattenkirk.
2:12 of 2nd period - Penalty to Kyle Clifford is over, Kyle Clifford is back on ice.
2:56 of 2nd period - Penalty to Jordan Staal is over, Jordan Staal is back on ice.
3:10 of 2nd period - Wrist shot by Kevin Shattenkirk.
3:10 of 2nd period - Deflect By Raphael Diaz.
3:10 of 2nd period - Stopped by Henrik Lundqvist without a rebound.
3:11 of 2nd period - Mika Zibanejad wins face-off versus Frans Nielsen in Canadiens zone.
3:14 of 2nd period - Snap shot by Eric Nystrom.
3:14 of 2nd period - Stopped by Henrik Lundqvist without a rebound.
3:15 of 2nd period - Frans Nielsen wins face-off versus Mika Zibanejad in Canadiens zone.
3:15 of 2nd period - Frans Nielsen is hit by Marc-Édouard Vlasic.
4:12 of 2nd period - Wrist shot by Patrick Kane.
4:12 of 2nd period - Shot Misses the Net.
4:26 of 2nd period - Snap shot by Kevin Shattenkirk.
4:26 of 2nd period - Shot Misses the Net.
4:32 of 2nd period - Snap shot by Jake Guentzel.
4:32 of 2nd period - Stopped by Henrik Lundqvist without a rebound.
4:33 of 2nd period - Nate Thompson wins face-off versus Henrik Sedin in Canadiens zone.
5:00 of 2nd period - Nate Thompson is hit by Pierre-Marc Bouchard and loses puck.
6:13 of 2nd period - Icing by Shaone Morrisonn.
6:14 of 2nd period - Pierre-Marc Bouchard wins face-off versus Brayden Schenn in Canadiens zone.
6:22 of 2nd period - Double Minor Penalty to Ben Smith for Charging.
6:23 of 2nd period - Henrik Sedin wins face-off versus Patrick Kane in Maple Leafs zone.
7:02 of 2nd period - Slapshot by Frans Nielsen.
7:02 of 2nd period - Shot Misses the Net.
7:23 of 2nd period - Taylor Hall is hit by Greg Stewart and loses puck.
7:58 of 2nd period - Raphael Diaz is hit by Blake Comeau and loses puck.
8:03 of 2nd period - Snap shot by Kyle Clifford.
8:03 of 2nd period - Deflect By Blake Comeau.
8:03 of 2nd period - Stopped by Henrik Lundqvist without a rebound.
8:04 of 2nd period - Henrik Sedin wins face-off versus Patrick Kane in Canadiens zone.
8:04 of 2nd period - Henrik Sedin is hit by John Klingberg.
8:21 of 2nd period - Wrist shot by Brayden Schenn.
8:21 of 2nd period - Deflect By Jordan Staal.
8:21 of 2nd period - Stopped by Henrik Lundqvist with a rebound.
8:23 of 2nd period - Slapshot by Kevin Shattenkirk.
8:23 of 2nd period - Shot Blocked by Vitaly Vishnevsky.
8:25 of 2nd period - Snap shot by Braydon Coburn.
8:25 of 2nd period - Shot Blocked by Henrik Sedin.
8:27 of 2nd period - Wrist shot by Brayden Schenn.
8:27 of 2nd period - Deflect By Benoit Pouliot.
8:27 of 2nd period - Goal by Brayden Schenn - Canadiens : 1 - Maple Leafs : 2.
8:28 of 2nd period - Frans Nielsen wins face-off versus Patrick Kane in neutral zone.
8:59 of 2nd period - Wrist shot by Corey Perry.
8:59 of 2nd period - Stopped by Marc-André Fleury with a rebound.
10:22 of 2nd period - Penalty to Ben Smith is over, Ben Smith is back on ice.
11:11 of 2nd period - Patrick Kane is hit by Shaone Morrisonn and loses puck.
11:51 of 2nd period - Icing by Braydon Coburn.
11:52 of 2nd period - Mika Zibanejad wins face-off versus Frans Nielsen in Maple Leafs zone.
12:17 of 2nd period - Kyle Clifford is hit by Steve Downie and loses puck.
13:05 of 2nd period - Snap shot by Jake Guentzel.
13:05 of 2nd period - Stopped by Henrik Lundqvist with a rebound.
13:22 of 2nd period - Off-side.
13:23 of 2nd period - Brayden Schenn wins face-off versus Frans Nielsen in neutral zone.
13:34 of 2nd period - Backhand shot by Ben Smith.
13:34 of 2nd period - Goal by Ben Smith - Canadiens : 1 - Maple Leafs : 3.
13:35 of 2nd period - Jordan Staal wins face-off versus Henrik Sedin in neutral zone.
14:02 of 2nd period - Taylor Hall is hit by Greg Stewart.
14:07 of 2nd period - Off-side.
14:08 of 2nd period - Brayden Schenn wins face-off versus Frans Nielsen in neutral zone.
14:25 of 2nd period - Snap shot by Taylor Hall.
14:25 of 2nd period - Shot Blocked by Raphael Diaz.
14:38 of 2nd period - Major / Game Misconduct Penalty to Henrik Sedin for Attempt to injure.
14:38 of 2nd period - Henrik Sedin is ejected from game.
14:39 of 2nd period - Jordan Staal wins face-off versus Frans Nielsen in Canadiens zone.
15:11 of 2nd period - Bryce Lampman is hit by Ben Smith.
15:17 of 2nd period - Kevin Shattenkirk is hit by Frans Nielsen and loses puck.
16:52 of 2nd period - Colton Parayko is hit by Mika Zibanejad and loses puck.
17:05 of 2nd period - Bryce Lampman is hit by Kevin Shattenkirk and loses puck.
17:18 of 2nd period - Colton Parayko is hit by Mika Zibanejad.
17:50 of 2nd period - Slapshot by Kevin Shattenkirk.
17:50 of 2nd period - Stopped by Henrik Lundqvist without a rebound.
17:51 of 2nd period - Jordan Staal wins face-off versus Frans Nielsen in Canadiens zone.
18:22 of 2nd period - Snap shot by Greg Stewart.
18:22 of 2nd period - Shot Misses the Net.
18:30 of 2nd period - Dustin Boyd is hit by Brayden Schenn and loses puck.
19:38 of 2nd period - Penalty to Henrik Sedin is over, Corey Perry is send on ice.
Goals for this period are 0 for Canadiens vs 2 for Maple Leafs.
Shots for this period are 1 for Canadiens vs 9 for Maple Leafs.

3rd period


0:01 of 3rd period - Jordan Staal wins face-off versus Dustin Boyd in neutral zone.
0:11 of 3rd period - Off-side.
0:12 of 3rd period - Corey Perry wins face-off versus Jordan Staal in neutral zone.
0:30 of 3rd period - Braydon Coburn is hit by Bryce Lampman.
0:44 of 3rd period - Snap shot by David Pastrnak.
0:44 of 3rd period - Shot Blocked by Kevin Shattenkirk.
0:46 of 3rd period - Slapshot by Mark Stuart.
0:46 of 3rd period - Stopped by Marc-André Fleury with a rebound.
0:48 of 3rd period - Slapshot by Bryce Lampman.
0:48 of 3rd period - Stopped by Marc-André Fleury with a rebound.
0:50 of 3rd period - Snap shot by Greg Stewart.
0:50 of 3rd period - Stopped by Marc-André Fleury without a rebound.
0:51 of 3rd period - Jordan Staal wins face-off versus Dustin Boyd in Maple Leafs zone.
1:04 of 3rd period - Snap shot by Patrick Kane.
1:04 of 3rd period - Stopped by Henrik Lundqvist without a rebound.
1:05 of 3rd period - Jordan Staal wins face-off versus Frans Nielsen in Canadiens zone.
1:06 of 3rd period - Wrist shot by Patrick Kane.
1:06 of 3rd period - Shot Blocked by Mark Stuart.
1:30 of 3rd period - Ben Smith is hit by Corey Perry and loses puck.
2:03 of 3rd period - Slapshot by Jake Guentzel.
2:03 of 3rd period - Stopped by Henrik Lundqvist without a rebound.
2:04 of 3rd period - Jordan Staal wins face-off versus Dustin Boyd in Canadiens zone.
3:58 of 3rd period - Snap shot by Brayden Schenn.
3:58 of 3rd period - Deflect By Ben Smith.
3:58 of 3rd period - Shot Blocked by Colton Parayko.
3:58 of 3rd period - Puck is out of play.
3:59 of 3rd period - Corey Perry wins face-off versus Jordan Staal in Canadiens zone.
3:59 of 3rd period - Corey Perry is hit by Patrick Kane.
4:16 of 3rd period - Snap shot by Kyle Clifford.
4:16 of 3rd period - Stopped by Henrik Lundqvist without a rebound.
4:17 of 3rd period - Frans Nielsen wins face-off versus Brayden Schenn in Canadiens zone.
4:17 of 3rd period - Frans Nielsen is hit by Braydon Coburn.
4:23 of 3rd period - Snap shot by Colton Parayko.
4:23 of 3rd period - Stopped by Marc-André Fleury with a rebound.
4:31 of 3rd period - Snap shot by Taylor Hall.
4:31 of 3rd period - Shot Misses the Net.
4:33 of 3rd period - Slapshot by Braydon Coburn.
4:33 of 3rd period - Shot Blocked by Greg Stewart.
5:03 of 3rd period - Minor Penalty to David Pastrnak for Interference.
5:04 of 3rd period - Frans Nielsen wins face-off versus Jordan Staal in Canadiens zone.
5:21 of 3rd period - Slapshot by Kevin Shattenkirk.
5:21 of 3rd period - Goal by Kevin Shattenkirk - Canadiens : 1 - Maple Leafs : 4.
5:22 of 3rd period - Jordan Staal wins face-off versus Dustin Boyd in neutral zone.
5:37 of 3rd period - Wrist shot by Benoit Pouliot.
5:37 of 3rd period - Stopped by Marc-André Fleury with a rebound.
6:36 of 3rd period - Dustin Boyd is hit by Beau Bennett and loses puck.
6:45 of 3rd period - Icing by Nate Thompson.
6:46 of 3rd period - Frans Nielsen wins face-off versus Nate Thompson in Maple Leafs zone.
6:49 of 3rd period - Wrist shot by Frans Nielsen.
6:49 of 3rd period - Shot Hit the Post.
6:51 of 3rd period - Wrist shot by David Pastrnak.
6:51 of 3rd period - Deflect By Greg Stewart.
6:51 of 3rd period - Shot Misses the Net.
6:51 of 3rd period - Puck is out of play.
6:52 of 3rd period - Frans Nielsen wins face-off versus Jordan Staal in Maple Leafs zone.
6:57 of 3rd period - Wrist shot by Frans Nielsen.
6:57 of 3rd period - Shot Misses the Net.
7:19 of 3rd period - Raphael Diaz is hit by Eric Nystrom and loses puck.
7:26 of 3rd period - Snap shot by Greg Stewart.
7:26 of 3rd period - Deflect By Frans Nielsen.
7:26 of 3rd period - Stopped by Marc-André Fleury without a rebound.
7:27 of 3rd period - Dustin Boyd wins face-off versus Brayden Schenn in Maple Leafs zone.
7:36 of 3rd period - Backhand shot by Brayden Schenn.
7:36 of 3rd period - Stopped by Henrik Lundqvist with a rebound.
7:38 of 3rd period - Wrist shot by Ryan Parent.
7:38 of 3rd period - Stopped by Henrik Lundqvist with a rebound.
7:40 of 3rd period - Snap shot by Ben Smith.
7:40 of 3rd period - Goal by Ben Smith - Canadiens : 1 - Maple Leafs : 5.
7:41 of 3rd period - Dustin Boyd wins face-off versus Jordan Staal in neutral zone.
7:46 of 3rd period - Snap shot by Corey Perry.
7:46 of 3rd period - Shot Blocked by Kyle Clifford.
8:37 of 3rd period - Slapshot by Raphael Diaz.
8:37 of 3rd period - Shot Blocked by Braydon Coburn.
8:39 of 3rd period - Slapshot by Raphael Diaz.
8:39 of 3rd period - Deflect By Kevin Shattenkirk.
8:39 of 3rd period - Stopped by Marc-André Fleury with a rebound.
8:41 of 3rd period - Snap shot by Frans Nielsen.
8:41 of 3rd period - Shot Blocked by Kevin Shattenkirk.
8:51 of 3rd period - Braydon Coburn is hit by Colton Parayko and loses puck.
9:15 of 3rd period - Slapshot by Braydon Coburn.
9:15 of 3rd period - Stopped by Henrik Lundqvist without a rebound.
9:16 of 3rd period - Mika Zibanejad wins face-off versus Frans Nielsen in Canadiens zone.
9:17 of 3rd period - Slapshot by John Klingberg.
9:17 of 3rd period - Shot Blocked by Mark Stuart.
9:31 of 3rd period - Wrist shot by Greg Stewart.
9:31 of 3rd period - Stopped by Marc-André Fleury with a rebound.
9:41 of 3rd period - Beau Bennett is hit by Benoit Pouliot and loses puck.
10:28 of 3rd period - Colton Parayko is hit by John Klingberg and loses puck.
10:33 of 3rd period - Wrist shot by Hampus Lindholm.
10:33 of 3rd period - Deflect By Mika Zibanejad.
10:33 of 3rd period - Stopped by Henrik Lundqvist without a rebound.
10:34 of 3rd period - Mika Zibanejad wins face-off versus Dustin Boyd in Canadiens zone.
10:35 of 3rd period - Wrist shot by Blake Comeau.
10:35 of 3rd period - Stopped by Henrik Lundqvist with a rebound.
10:37 of 3rd period - Wrist shot by Blake Comeau.
10:37 of 3rd period - Shot Misses the Net.
10:39 of 3rd period - Wrist shot by Mika Zibanejad.
10:39 of 3rd period - Shot Misses the Net.
10:41 of 3rd period - Slapshot by Marc-Édouard Vlasic.
10:41 of 3rd period - Shot Blocked by Corey Perry.
10:43 of 3rd period - Slapshot by Marc-Édouard Vlasic.
10:43 of 3rd period - Stopped by Henrik Lundqvist with a rebound.
10:45 of 3rd period - Snap shot by Marc-Édouard Vlasic.
10:45 of 3rd period - Stopped by Henrik Lundqvist without a rebound.
10:46 of 3rd period - Dustin Boyd wins face-off versus Patrick Kane in Canadiens zone.
10:46 of 3rd period - Corey Perry is hit by Jordan Staal and loses puck.
10:53 of 3rd period - Slapshot by Bryce Lampman.
10:53 of 3rd period - Shot Misses the Net.
11:28 of 3rd period - Minor Penalty to Taylor Hall for Roughing.
11:29 of 3rd period - Patrick Kane wins face-off versus Dustin Boyd in Maple Leafs zone.
11:42 of 3rd period - Snap shot by Benoit Pouliot.
11:42 of 3rd period - Shot Misses the Net.
11:44 of 3rd period - Slapshot by Raphael Diaz.
11:44 of 3rd period - Deflect By Ryan Parent.
11:44 of 3rd period - Stopped by Marc-André Fleury without a rebound.
11:45 of 3rd period - Dustin Boyd wins face-off versus Patrick Kane in Maple Leafs zone.
12:35 of 3rd period - Snap shot by Dustin Boyd.
12:35 of 3rd period - Stopped by Marc-André Fleury with a rebound.
12:37 of 3rd period - Snap shot by Dustin Boyd.
12:37 of 3rd period - Shot Misses the Net.
12:39 of 3rd period - Snap shot by Benoit Pouliot.
12:39 of 3rd period - Stopped by Marc-André Fleury without a rebound.
12:40 of 3rd period - Blake Comeau wins face-off versus Greg Stewart in Maple Leafs zone.
13:15 of 3rd period - Wrist shot by Eric Nystrom.
13:15 of 3rd period - Shot Misses the Net.
13:28 of 3rd period - Penalty to Taylor Hall is over, Taylor Hall is back on ice.
13:33 of 3rd period - Taylor Hall is hit by Brett Maclean and loses puck.
14:16 of 3rd period - Kevin Shattenkirk is hit by Steve Downie and loses puck.
14:29 of 3rd period - Snap shot by Taylor Hall.
14:29 of 3rd period - Shot Misses the Net.
14:39 of 3rd period - Slapshot by Taylor Hall.
14:39 of 3rd period - Shot Misses the Net.
15:49 of 3rd period - Wrist shot by Patrick Kane.
15:49 of 3rd period - Goal by Patrick Kane - Canadiens : 1 - Maple Leafs : 6.
15:50 of 3rd period - Dustin Boyd wins face-off versus Beau Bennett in neutral zone.
15:59 of 3rd period - Snap shot by Corey Perry.
15:59 of 3rd period - Deflect By Benoit Pouliot.
15:59 of 3rd period - Stopped by Marc-André Fleury with a rebound.
16:05 of 3rd period - John Klingberg is hit by Corey Perry and loses puck.
18:24 of 3rd period - Enver Lisin is hit by Marc-Édouard Vlasic and loses puck.
18:37 of 3rd period - Shaone Morrisonn is hit by Kyle Clifford.
19:43 of 3rd period - Marc-Édouard Vlasic is hit by Brett Maclean and loses puck.
Goals for this period are 0 for Canadiens vs 3 for Maple Leafs.
Shots for this period are 12 for Canadiens vs 13 for Maple Leafs.